 Dungeon Crawl Stone Soup version 0.29.1-2-gbd0b4ee654 (webtiles) character file.

Game seed: 14173128369047060689

13 Raikaria the Stinger (level 2, -1/20 HPs)
             Began as a Gnoll Venom Mage on Nov 9, 2022.
             Slain by a kobold
             ... wielding a +2 dagger of venom
              (3 damage)
             ... on level 1 of the Dungeon.
             The game lasted 00:02:22 (520 turns).

Raikaria the Stinger (Gnoll Venom Mage)              Turns: 520, Time: 00:02:23

Health: -1/20      AC:  4    Str:  7    XL:     2   Next: 37%
Magic:  6/7        EV: 13    Int: 14    God:
Gold:   41         SH:  0    Dex: 12    Spells: 7/10 levels left

rFire   . . .      SeeInvis .   g - +0 dagger (drain)
rCold   . . .      Faith    .   (no shield)
rNeg    . . .      Spirit   .   a - +0 robe
rPois   .          Reflect  .   e - +0 helmet
rElec   .          Harm     .   i - +0 cloak
rCorr   .          Rampage  .   (no gloves)
Will    .....                   (no boots)
Stlth   ++........              (no amulet)
HPRegen 0.06/turn               (no ring)
MPRegen 0.10/turn               (no ring)

@: lethally poisoned (-1 -> -14)
A: fangs 1, strong nose, distributed training
a: no special abilities


You were on level 1 of the Dungeon.
You visited 1 branch of the dungeon, and saw 1 of its levels.

You collected 41 gold pieces.

Inventory:

Hand Weapons
 c - a +0 whip
 g - a +0 dagger of draining (weapon)
Armour
 a - a +0 robe (worn)
 e - a +0 helmet (worn)
 h - a +0 buckler
 i - a +0 cloak (worn)
Scrolls
 d - a scroll of immolation {unknown}
 f - a scroll of noise {unknown}
Potions
 b - a potion of magic
 j - a potion of heal wounds {unknown}


   Skills:
 + Level 0.4 Fighting
 + Level 0.4 Short Blades
 + Level 0.4 Long Blades
 + Level 0.4 Axes
 + Level 0.4 Maces & Flails
 + Level 0.4 Polearms
 + Level 0.4 Staves
 + Level 0.4 Ranged Weapons
 + Level 0.4 Throwing
 + Level 0.4 Armour
 + Level 4.5 Dodging
 + Level 4.1 Stealth
 + Level 0.4 Shields
 + Level 0.4 Unarmed Combat
 + Level 4.9 Spellcasting
 + Level 0.2 Conjurations
 + Level 0.2 Hexes
 + Level 0.2 Summonings
 + Level 0.2 Necromancy
 + Level 0.2 Translocations
 + Level 2.0 Transmutations
 + Level 0.2 Fire Magic
 + Level 0.2 Ice Magic
 + Level 0.2 Air Magic
 + Level 0.2 Earth Magic
 + Level 5.3 Poison Magic
 + Level 0.5 Invocations
 + Level 0.4 Evocations


You had 7 spell levels left.
You knew the following spells:

 Your Spells              Type           Power      Damage    Failure   Level
a - Sting                 Tmut/Pois      52%        1d5       3%          1
b - Poisonous Vapours     Pois/Air       22%        N/A       9%          2

Your spell library contained the following spells:

 Spells                   Type           Power      Damage    Failure   Level
 Olgreb's Toxic Radiance  Pois           18%        N/A       19%         4
 Mephitic Cloud           Conj/Pois/Air  9%         N/A       24%         3


Dungeon Overview and Level Annotations

Branches:
Dungeon (1/15)

Altars:


Innate Abilities, Weirdness & Mutations

You have very sharp teeth.
Your uncanny sense of smell can sniff out nearby items.
Your experience applies equally to all skills.


Message History

No reachable target in view!
You closely miss the rat. The rat misses you.
You barely miss the rat. You bite the rat.
The rat is moderately wounded.
The rat barely misses you.
You hit the rat. You drain the rat.
You kill the rat!
A kobold comes into view. It is wielding a +2 dagger of venom.
Found a stone staircase leading down.
The kobold shouts!
You hear an angry hiss.
A ball python comes into view.
You closely miss the kobold. Your bite misses the kobold.
The kobold hits you but does no damage.
You are poisoned.
You closely miss the kobold.
You feel sick. The kobold hits you but does no damage.
You are more poisoned.
You closely miss the kobold.
You feel very sick.
The ball python bites you but does no damage.
The ball python barely misses you. The kobold closely misses you.
You hit the ball python. You drain the ball python.
You kill the ball python!
You feel very sick.
The kobold hits you with a +2 dagger of venom.
You are more poisoned.
* * * LOW HITPOINT WARNING * * *
You feel very sick. The kobold barely misses you.
Casting: Sting (safe; 3% risk of failure)
Confirm with . or Enter, or press ? or * to list all spells.
Aiming: Sting (safe; 3% risk of failure)
Press: ? - help, Shift-Dir - straight line, f - kobold
Aim: a kobold, wielding a +2 dagger of venom (64% to hit)
The sting hits the kobold.
The kobold is poisoned.
The kobold is severely wounded.
* * * LOW HITPOINT WARNING * * *
You feel very sick.
The kobold hits you with a +2 dagger of venom.
You die... ####....# #P.P.P.P.PPP## #....# #P.P.P...P...# ##PPP.P.P.P.P.# .....P.P...P.# ##PPPPPPP.PPP.#

.
#..........#
.
#.##########
. ##.# #K@#
.......##
......#
>....# .....
.... ....
...


You could see a kobold (poisoned).

Vanquished Creatures
  An endoplasm (D:1)
  A goblin (D:1)
  A hobgoblin (D:1)
  3 ball pythons (D:1)
  A bat (D:1)
  4 frilled lizards (D:1)
  A kobold (D:1)
  2 rats (D:1)
14 creatures vanquished.

Notes
Turn   | Place    | Note
-------+----------+-------------------------------------------
     0 | D:1      | Raikaria the Gnoll Venom Mage began the quest for the Orb.
     0 | D:1      | Reached XP level 1. HP: 13/13 MP: 6/6
   329 | D:1      | Reached XP level 2. HP: 19/19 MP: 5/7
   408 | D:1      | Learned a level 2 spell: Poisonous Vapours
   520 | D:1      | Slain by a kobold

Illustrated notes

Levels and vault maps discovered:
D:1:      dpeg_arrival_simpleton_c, layout_rooms, minmay_misc_feat_four_crosses,
          minmay_hedge_maze

Skill      XL: |  1 |
---------------+----+-----
Transmutations | 2 |  2.0
Fighting       | |  0.4
Short Blades   | |  0.4
Long Blades    | |  0.4
Axes           | |  0.4
Maces & Flails | |  0.4
Polearms       | |  0.4
Staves         | |  0.4
Ranged Weapons | |  0.4
Throwing       | |  0.4
Armour         | |  0.4
Dodging        | |  4.5
Stealth        | |  4.1
Shields        | |  0.4
Unarmed Combat | |  0.4
Spellcasting   | |  4.9
Conjurations   | |  0.2
Hexes          | |  0.2
Summonings     | |  0.2
Necromancy     | |  0.2
Translocations | |  0.2
Fire Magic     | |  0.2
Ice Magic      | |  0.2
Air Magic      | |  0.2
Earth Magic    | |  0.2
Poison Magic   | |  5.3
Invocations    | |  0.5
Evocations     | |  0.4

Action                   || total
-------------------------++-------
Melee: Whip              ||     4
       Dagger            ||     9
       Bite              ||     1
 Cast: Sting             ||    17
Armor: Robe              ||     4
Dodge: Dodged            ||    20
